[ PARTIDA AOE2 · #493275210 ]
UnrankedTurcos vs Malay
[ ANÁLISIS DE REPETICIÓN · EXTRAÍDO DE LA PARTIDA GRABADA ]
Feudal
12:02
Castillos
15:39
Imperial
27:32
| APM promedio | 34.9 |
| APM pico | 79 |
| eAPM promedio | 18.5 |
| Aldeanos / militares | 127 / 182 |
Foco
⚔️ 31.2% · 🌾 68.8%
Janissary ×157 · Bombard Cannon ×23 · Battering Ram ×1 · Trebuchet (Packed) ×1
Feudal
10:31
Castillos
14:09
Imperial
28:39
| APM promedio | 90.4 |
| APM pico | 196 |
| eAPM promedio | 61.7 |
| Aldeanos / militares | 214 / 326 |
Foco
⚔️ 70.1% · 🌾 29.9%
Longbowman ×308 · Trebuchet (Packed) ×18
Feudal
8:29
Castillos
16:00
Imperial
22:21
| APM promedio | 34.7 |
| APM pico | 74 |
| eAPM promedio | 22.7 |
| Aldeanos / militares | 157 / 753 |
Foco
⚔️ 42.3% · 🌾 57.7%
Skirmisher ×270 · Spearman ×160 · Scout Cavalry ×131 · Battle Elephant ×89 · Karambit Warrior ×73 · Bombard Cannon ×27
Feudal
12:40
Castillos
16:11
Imperial
21:54
| APM promedio | 42.9 |
| APM pico | 83 |
| eAPM promedio | 22.1 |
| Aldeanos / militares | 154 / 274 |
Foco
⚔️ 36.1% · 🌾 63.9%
Skirmisher ×209 · Monk ×45 · Trebuchet (Packed) ×14 · Armored Elephant ×3 · Archer ×2 · Elephant Archer ×1
Feudal
9:52
Castillos
13:25
Imperial
28:18
| APM promedio | 41.2 |
| APM pico | 83 |
| eAPM promedio | 23.5 |
| Aldeanos / militares | 212 / 424 |
Foco
⚔️ 33.2% · 🌾 66.8%
Battle Elephant ×201 · Skirmisher ×180 · Scout Cavalry ×25 · Bombard Cannon ×14 · Monk ×4
Feudal
10:06
Castillos
13:36
Imperial
28:18
| APM promedio | 55.2 |
| APM pico | 117 |
| eAPM promedio | 32.3 |
| Aldeanos / militares | 244 / 547 |
Foco
⚔️ 35.2% · 🌾 64.8%
Scout Cavalry ×376 · Conquistador ×143 · Trebuchet (Packed) ×28
Mapa de la partida
Recursos iniciales + cada clic de construcción. Líneas = muros · curvas = relieve. ◆ oro · ⬟ piedra · ● bayas · ✦ reliquia · ◌ hueco del cierre
Tu base· ✓ Cerrada en 15:39 · 0t muro · 2 puerta(s)
Base de VIT | Hera· ✓ Cerrada en 14:09 · 0t muro · 3 puerta(s)
Base de jimmil· ✓ Cerrada en 16:00 · 15t muro · 3 puerta(s)
Base de Silver· ✓ Cerrada en 16:11 · 0t muro · 2 puerta(s)
Base de Grubby· ✓ Cerrada en 13:25 · 0t muro · 2 puerta(s)
Base de bobesft· ✓ Cerrada en 13:36 · 0t muro · 3 puerta(s)
Terreno inicial suavizado · ◌ = hueco del cierre detectado · pasá el cursor para detalles
Inputs por minuto
— YamatoCannon - - VIT | Hera
Build order — YamatoCannon
Primeras 150 de 352 acciones detectadas
| 0:02 | Construir | House |
| 0:02 | Crear | Villager (Male) |
| 0:03 | Crear | Villager (Male) |
| 0:05 | Construir | House |
| 0:23 | Crear | Villager (Male) |
| 0:23 | Crear | Villager (Male) |
| 1:33 | Crear | Villager (Male) |
| 1:38 | Crear | Villager (Male) |
| 1:46 | Construir | Lumber Camp |
| 2:14 | Crear | Villager (Male) |
| 2:15 | Crear | Villager (Male) |
| 2:50 | Crear | Villager (Male) |
| 3:20 | Construir | House |
| 3:21 | Construir | House |
| 3:25 | Crear | Villager (Male) |
| 3:25 | Crear | Villager (Male) |
| 3:36 | Crear | Villager (Male) |
| 3:36 | Crear | Villager (Male) |
| 3:59 | Crear | Villager (Male) |
| 4:22 | Construir | Mill |
| 4:31 | Crear | Villager (Male) |
| 4:55 | Crear | Villager (Male) |
| 5:19 | Crear | Villager (Male) |
| 5:19 | Crear | Villager (Male) |
| 5:43 | Crear | Villager (Male) |
| 5:43 | Crear | Villager (Male) |
| 6:13 | Crear | Villager (Male) |
| 6:13 | Crear | Villager (Male) |
| 6:42 | Crear | Villager (Male) |
| 6:42 | Crear | Villager (Male) |
| 7:00 | Crear | Villager (Male) |
| 7:00 | Crear | Villager (Male) |
| 7:07 | Construir | House |
| 7:14 | Construir | Mining Camp |
| 7:17 | Crear | Villager (Male) |
| 7:53 | Crear | Villager (Male) |
| 7:53 | Crear | Villager (Male) |
| 7:56 | Crear | Villager (Male) |
| 8:47 | Construir | Farm |
| 8:50 | Construir | Farm |
| 8:56 | Construir | Mining Camp |
| 9:03 | Crear | Villager (Male) |
| 9:52 | Investigar | Feudal Age |
| 9:53 | Investigar | Feudal Age |
| 10:19 | Investigar | Loom |
| 10:24 | Construir | Farm |
| 10:54 | Construir | House |
| 12:02 | Edad | Edad Feudal |
| 12:05 | Construir | Blacksmith |
| 12:07 | Construir | Market |
| 12:19 | Crear | Villager (Male) |
| 12:59 | Investigar | Castle Age |
| 12:59 | Investigar | Castle Age |
| 13:36 | Investigar | Double-Bit Axe |
| 14:19 | Investigar | Horse Collar |
| 15:18 | Construir | Farm |
| 15:39 | Edad | Edad de los Castillos |
| 15:41 | Construir | Castle |
| 15:47 | Crear | Villager (Male) |
| 16:10 | Construir | Farm |
| 16:13 | Crear | Villager (Male) |
| 16:17 | Investigar | Bow Saw |
| 16:35 | Crear | Janissary |
| 16:36 | Crear | Janissary |
| 16:54 | Construir | House |
| 17:01 | Crear | Janissary |
| 17:16 | Construir | House |
| 17:26 | Crear | Janissary |
| 17:33 | Crear | Villager (Male) |
| 17:38 | Construir | Farm |
| 17:41 | Construir | Farm |
| 17:50 | Construir | Farm |
| 17:58 | Crear | Janissary |
| 18:06 | Construir | Farm |
| 18:10 | Construir | Farm |
| 18:14 | Construir | Farm |
| 18:18 | Construir | Farm |
| 18:22 | Construir | Farm |
| 18:25 | Crear | Villager (Male) |
| 18:37 | Construir | Farm |
| 18:41 | Construir | Farm |
| 18:56 | Crear | Janissary |
| 19:05 | Construir | Farm |
| 19:15 | Crear | Janissary |
| 19:16 | Crear | Janissary |
| 19:46 | Crear | Janissary |
| 19:54 | Crear | Janissary |
| 19:59 | Crear | Villager (Male) |
| 19:59 | Crear | Villager (Male) |
| 20:42 | Crear | Janissary |
| 20:44 | Crear | Janissary |
| 21:02 | Crear | Janissary |
| 21:41 | Crear | Janissary |
| 21:52 | Crear | Villager (Male) |
| 21:52 | Crear | Villager (Male) |
| 21:57 | Construir | Farm |
| 22:00 | Investigar | Heavy Plow |
| 22:00 | Investigar | Heavy Plow |
| 22:06 | Investigar | Wheelbarrow |
| 22:41 | Crear | Villager (Male) |
| 22:45 | Crear | Villager (Male) |
| 22:58 | Crear | Janissary |
| 23:37 | Crear | Villager (Male) |
| 23:42 | Construir | Farm |
| 23:45 | Construir | Farm |
| 23:47 | Construir | Farm |
| 24:14 | Investigar | Imperial Age |
| 24:27 | Crear | Villager (Male) |
| 24:50 | Construir | House |
| 24:51 | Construir | House |
| 25:57 | Construir | Town Center |
| 26:08 | Construir | House |
| 26:22 | Crear | Janissary |
| 26:22 | Crear | Janissary |
| 26:22 | Crear | Janissary |
| 26:25 | Crear | Janissary |
| 27:00 | Investigar | Padded Archer Armor |
| 27:14 | Crear | Janissary |
| 27:32 | Edad | Edad Imperial |
| 27:51 | Investigar | Conscription |
| 27:55 | Crear | Villager (Male) |
| 27:56 | Crear | Villager (Male) |
| 27:56 | Crear | Villager (Male) |
| 28:10 | Crear | Villager (Male) |
| 28:10 | Crear | Villager (Male) |
| 28:24 | Crear | Villager (Male) |
| 28:46 | Crear | Trebuchet (Packed) |
| 29:04 | Crear | Villager (Male) |
| 29:05 | Crear | Villager (Male) |
| 29:05 | Crear | Villager (Male) |
| 29:07 | Crear | Villager (Male) |
| 29:12 | Investigar | Hand Cart |
| 29:14 | Crear | Villager (Male) |
| 29:43 | Crear | Villager (Male) |
| 29:43 | Crear | Villager (Male) |
| 30:04 | Construir | Town Center |
| 30:26 | Construir | Barracks |
| 30:38 | Crear | Villager (Male) |
| 30:38 | Crear | Villager (Male) |
| 30:41 | Crear | Villager (Male) |
| 30:42 | Crear | Villager (Male) |
| 31:01 | Construir | Siege Workshop |
| 31:19 | Investigar | Elite Janissary (upgrade) |
| 31:38 | Crear | Bombard Cannon |
| 31:38 | Crear | Bombard Cannon |
| 32:12 | Crear | Janissary |
| 32:13 | Crear | Janissary |
| 32:47 | Crear | Bombard Cannon |
| 32:58 | Crear | Janissary |
| 33:00 | Crear | Villager (Male) |
Build order — VIT | Hera
Primeras 150 de 423 acciones detectadas
| 0:00 | Crear | Villager (Male) |
| 0:01 | Crear | Villager (Male) |
| 0:02 | Construir | House |
| 0:02 | Construir | House |
| 0:10 | Crear | Villager (Male) |
| 0:10 | Crear | Villager (Male) |
| 1:28 | Crear | Villager (Male) |
| 1:29 | Crear | Villager (Male) |
| 1:53 | Crear | Villager (Male) |
| 1:53 | Crear | Villager (Male) |
| 2:17 | Crear | Villager (Male) |
| 2:18 | Crear | Villager (Male) |
| 2:50 | Construir | House |
| 2:57 | Crear | Villager (Male) |
| 2:57 | Crear | Villager (Male) |
| 3:34 | Construir | Lumber Camp |
| 3:38 | Crear | Villager (Male) |
| 3:38 | Crear | Villager (Male) |
| 4:03 | Crear | Villager (Male) |
| 4:36 | Construir | House |
| 4:55 | Crear | Villager (Male) |
| 4:55 | Crear | Villager (Male) |
| 4:56 | Crear | Villager (Male) |
| 4:56 | Crear | Villager (Male) |
| 5:24 | Construir | Mill |
| 6:34 | Crear | Villager (Male) |
| 6:56 | Crear | Villager (Male) |
| 7:23 | Investigar | Loom |
| 7:27 | Crear | Villager (Male) |
| 7:32 | Construir | Farm |
| 7:50 | Crear | Villager (Male) |
| 8:10 | Construir | Mining Camp |
| 8:20 | Investigar | Feudal Age |
| 9:27 | Construir | House |
| 10:01 | Construir | Farm |
| 10:31 | Edad | Edad Feudal |
| 10:32 | Crear | Villager (Male) |
| 10:37 | Construir | Blacksmith |
| 10:40 | Construir | Market |
| 10:51 | Investigar | Double-Bit Axe |
| 10:51 | Investigar | Double-Bit Axe |
| 10:54 | Crear | Villager (Male) |
| 11:24 | Construir | Farm |
| 11:29 | Investigar | Castle Age |
| 11:29 | Investigar | Castle Age |
| 11:30 | Construir | Farm |
| 12:15 | Investigar | Horse Collar |
| 12:16 | Investigar | Horse Collar |
| 12:19 | Construir | Farm |
| 12:20 | Construir | Farm |
| 12:33 | Construir | House |
| 12:34 | Construir | House |
| 14:09 | Edad | Edad de los Castillos |
| 14:11 | Crear | Villager (Male) |
| 14:21 | Construir | Town Center |
| 14:26 | Construir | Town Center |
| 14:27 | Investigar | Bow Saw |
| 14:32 | Construir | Farm |
| 14:36 | Crear | Villager (Male) |
| 14:44 | Investigar | Heavy Plow |
| 14:45 | Investigar | Heavy Plow |
| 14:49 | Construir | Farm |
| 14:52 | Construir | Farm |
| 14:59 | Crear | Villager (Male) |
| 15:09 | Construir | Farm |
| 15:19 | Construir | Farm |
| 15:21 | Crear | Villager (Male) |
| 15:41 | Crear | Villager (Male) |
| 15:45 | Construir | Farm |
| 16:02 | Crear | Villager (Male) |
| 16:02 | Crear | Villager (Male) |
| 16:03 | Crear | Villager (Male) |
| 16:03 | Crear | Villager (Male) |
| 16:08 | Construir | Farm |
| 16:11 | Crear | Villager (Male) |
| 16:11 | Crear | Villager (Male) |
| 16:12 | Construir | Farm |
| 16:14 | Construir | Farm |
| 16:18 | Construir | Farm |
| 16:20 | Construir | Farm |
| 16:28 | Crear | Villager (Male) |
| 16:28 | Crear | Villager (Male) |
| 16:28 | Crear | Villager (Male) |
| 16:36 | Construir | Farm |
| 16:47 | Construir | Farm |
| 16:49 | Crear | Villager (Male) |
| 16:50 | Crear | Villager (Male) |
| 16:50 | Crear | Villager (Male) |
| 16:58 | Crear | Villager (Male) |
| 16:58 | Crear | Villager (Male) |
| 16:59 | Construir | Farm |
| 17:02 | Crear | Villager (Male) |
| 17:02 | Crear | Villager (Male) |
| 17:05 | Construir | Farm |
| 17:09 | Crear | Villager (Male) |
| 17:16 | Construir | House |
| 17:17 | Construir | House |
| 17:25 | Construir | Farm |
| 17:27 | Crear | Villager (Male) |
| 17:31 | Construir | Farm |
| 17:34 | Crear | Villager (Male) |
| 17:34 | Crear | Villager (Male) |
| 17:38 | Crear | Villager (Male) |
| 17:38 | Crear | Villager (Male) |
| 17:45 | Crear | Villager (Male) |
| 17:47 | Construir | Farm |
| 17:56 | Crear | Villager (Male) |
| 18:00 | Construir | Farm |
| 18:04 | Construir | Farm |
| 18:05 | Crear | Villager (Male) |
| 18:07 | Construir | House |
| 18:10 | Crear | Villager (Male) |
| 18:10 | Crear | Villager (Male) |
| 18:24 | Construir | Farm |
| 18:28 | Crear | Villager (Male) |
| 18:28 | Crear | Villager (Male) |
| 18:28 | Crear | Villager (Male) |
| 18:29 | Crear | Villager (Male) |
| 18:30 | Construir | Farm |
| 18:39 | Construir | Farm |
| 18:46 | Construir | House |
| 18:48 | Construir | House |
| 18:49 | Construir | House |
| 18:51 | Construir | House |
| 18:52 | Crear | Villager (Male) |
| 19:06 | Crear | Villager (Male) ×5 |
| 19:06 | Crear | Villager (Male) ×5 |
| 19:19 | Construir | Town Center |
| 19:27 | Investigar | Wheelbarrow |
| 19:27 | Investigar | Wheelbarrow |
| 19:31 | Construir | House |
| 19:32 | Construir | House |
| 19:45 | Investigar | Stone Mining |
| 19:45 | Investigar | Stone Mining |
| 19:45 | Investigar | Stone Mining |
| 19:47 | Crear | Villager (Male) ×3 |
| 20:23 | Crear | Villager (Male) ×5 |
| 20:38 | Construir | Farm |
| 20:40 | Construir | Farm |
| 20:40 | Crear | Villager (Male) |
| 20:48 | Construir | House |
| 20:49 | Construir | House |
| 20:50 | Construir | House |
| 20:58 | Investigar | Hand Cart |
| 20:58 | Investigar | Hand Cart |
| 21:01 | Construir | Farm |
| 21:04 | Crear | Villager (Male) ×2 |
| 21:10 | Construir | Farm |
| 21:20 | Construir | Lumber Camp |
| 21:28 | Crear | Villager (Male) ×5 |
Build order — jimmil
Primeras 150 de 714 acciones detectadas
| 0:01 | Crear | Villager (Male) ×4 |
| 0:01 | Crear | Villager (Male) ×4 |
| 0:02 | Construir | House |
| 0:03 | Construir | House |
| 1:17 | Crear | Villager (Male) |
| 1:18 | Crear | Villager (Male) |
| 1:51 | Crear | Villager (Male) |
| 1:51 | Crear | Villager (Male) |
| 2:14 | Construir | Lumber Camp |
| 2:19 | Crear | Villager (Male) |
| 2:19 | Crear | Villager (Male) |
| 3:00 | Crear | Villager (Male) |
| 3:00 | Crear | Villager (Male) |
| 3:26 | Crear | Villager (Male) |
| 3:26 | Crear | Villager (Male) |
| 3:26 | Crear | Villager (Male) |
| 3:32 | Construir | House |
| 3:33 | Construir | House |
| 3:54 | Crear | Villager (Male) |
| 3:54 | Crear | Villager (Male) |
| 4:32 | Crear | Villager (Male) |
| 4:32 | Crear | Villager (Male) |
| 4:57 | Construir | Mill |
| 5:01 | Crear | Villager (Male) |
| 5:01 | Crear | Villager (Male) |
| 5:05 | Crear | Villager (Male) |
| 5:06 | Crear | Villager (Male) |
| 5:41 | Crear | Villager (Male) |
| 5:48 | Crear | Villager (Male) |
| 7:04 | Investigar | Feudal Age |
| 7:04 | Investigar | Feudal Age |
| 7:51 | Construir | House |
| 8:21 | Construir | House |
| 8:29 | Edad | Edad Feudal |
| 8:31 | Investigar | Double-Bit Axe |
| 8:32 | Investigar | Horse Collar |
| 8:33 | Crear | Villager (Male) |
| 8:37 | Crear | Villager (Male) |
| 9:08 | Crear | Villager (Male) |
| 9:11 | Construir | Farm |
| 9:20 | Construir | Market |
| 9:39 | Crear | Villager (Male) |
| 9:42 | Construir | Farm |
| 9:44 | Crear | Villager (Male) |
| 9:53 | Construir | Mining Camp |
| 10:09 | Crear | Villager (Male) |
| 10:31 | Crear | Villager (Male) |
| 10:33 | Construir | Farm |
| 10:39 | Construir | Farm |
| 10:44 | Construir | House |
| 10:52 | Construir | Farm |
| 11:02 | Crear | Villager (Male) |
| 11:17 | Crear | Villager (Male) |
| 11:22 | Construir | Farm |
| 11:42 | Crear | Villager (Male) |
| 11:45 | Construir | Mining Camp |
| 11:51 | Construir | House |
| 12:13 | Construir | Farm |
| 12:27 | Construir | Blacksmith |
| 12:29 | Crear | Villager (Male) |
| 12:43 | Crear | Villager (Male) |
| 12:46 | Construir | Farm |
| 13:09 | Construir | House |
| 13:10 | Crear | Villager (Male) |
| 13:15 | Construir | Farm |
| 13:37 | Crear | Villager (Male) |
| 13:42 | Construir | Farm |
| 13:50 | Crear | Villager (Male) |
| 13:58 | Crear | Villager (Male) |
| 14:03 | Construir | Farm |
| 14:13 | Investigar | Castle Age |
| 14:42 | Construir | Stone Wall |
| 14:45 | Construir | Stone Wall |
| 14:47 | Crear | Villager (Male) |
| 14:57 | Construir | Farm |
| 15:06 | Investigar | Loom |
| 15:23 | Investigar | Gold Mining |
| 15:28 | Construir | Farm |
| 16:00 | Edad | Edad de los Castillos |
| 16:10 | Construir | Monastery |
| 16:13 | Crear | Villager (Male) |
| 16:31 | Construir | Siege Workshop |
| 16:37 | Crear | Villager (Male) |
| 16:43 | Crear | Villager (Male) |
| 16:47 | Construir | Farm |
| 16:56 | Crear | Monk |
| 17:11 | Crear | Villager (Male) |
| 17:21 | Crear | Villager (Male) |
| 17:29 | Construir | Gate |
| 17:34 | Crear | Villager (Male) |
| 17:34 | Crear | Mangonel |
| 17:36 | Crear | Villager (Male) |
| 17:42 | Crear | Villager (Male) |
| 17:52 | Construir | Mill |
| 17:52 | Construir | Farm |
| 17:52 | Construir | Farm |
| 17:53 | Construir | Farm |
| 17:53 | Construir | Farm |
| 17:53 | Construir | Farm |
| 17:58 | Crear | Villager (Male) |
| 18:03 | Construir | House |
| 18:05 | Construir | House |
| 18:09 | Construir | House |
| 18:10 | Construir | House |
| 18:13 | Construir | House |
| 18:23 | Crear | Villager (Male) |
| 18:57 | Crear | Villager (Male) |
| 19:00 | Crear | Villager (Male) |
| 19:07 | Construir | Farm |
| 19:23 | Crear | Villager (Male) |
| 19:30 | Construir | University |
| 20:27 | Investigar | Imperial Age |
| 20:40 | Construir | Castle |
| 20:47 | Crear | Villager (Male) |
| 21:05 | Investigar | Bow Saw |
| 21:14 | Construir | Barracks |
| 21:19 | Crear | Villager (Male) |
| 21:26 | Investigar | Fletching |
| 21:30 | Construir | House |
| 21:33 | Construir | House |
| 21:34 | Construir | House |
| 21:40 | Crear | Villager (Male) |
| 21:56 | Construir | Mining Camp |
| 22:21 | Edad | Edad Imperial |
| 22:48 | Investigar | Chemistry |
| 22:49 | Crear | Villager (Male) |
| 22:56 | Construir | Gate |
| 22:59 | Construir | Stone Wall |
| 23:00 | Crear | Villager (Male) |
| 23:06 | Crear | Villager (Male) |
| 23:10 | Construir | Archery Range |
| 23:22 | Crear | Villager (Male) |
| 23:34 | Investigar | Bodkin Arrow |
| 23:42 | Construir | Farm |
| 23:44 | Construir | Farm |
| 23:45 | Construir | Farm |
| 23:58 | Construir | Farm |
| 24:17 | Investigar | Elite Skirmisher (upgrade) |
| 24:19 | Crear | Villager (Male) |
| 24:25 | Construir | Farm |
| 24:30 | Crear | Villager (Male) |
| 24:31 | Crear | Villager (Male) |
| 24:38 | Construir | Lumber Camp |
| 24:43 | Crear | Villager (Male) |
| 25:02 | Construir | Archery Range |
| 25:04 | Crear | Villager (Male) |
| 25:31 | Investigar | Bracer |
| 25:34 | Crear | Skirmisher ×3 |
| 25:34 | Crear | Skirmisher ×3 |
| 25:47 | Crear | Villager (Male) |
Build order — Silver
Primeras 150 de 549 acciones detectadas
| 0:01 | Crear | Villager (Male) |
| 0:01 | Crear | Villager (Male) |
| 0:02 | Construir | House |
| 0:03 | Construir | House |
| 0:06 | Crear | Villager (Male) |
| 0:07 | Crear | Villager (Male) |
| 1:10 | Crear | Villager (Male) |
| 1:39 | Crear | Villager (Male) |
| 1:48 | Construir | Lumber Camp |
| 2:24 | Crear | Villager (Male) |
| 2:24 | Crear | Villager (Male) |
| 2:56 | Crear | Villager (Male) |
| 2:57 | Crear | Villager (Male) |
| 3:09 | Construir | House |
| 3:10 | Construir | House |
| 3:50 | Crear | Villager (Male) |
| 3:50 | Crear | Villager (Male) |
| 3:50 | Crear | Villager (Male) |
| 4:10 | Construir | Lumber Camp |
| 4:23 | Crear | Villager (Male) |
| 4:24 | Crear | Villager (Male) |
| 4:52 | Crear | Villager (Male) |
| 4:52 | Crear | Villager (Male) |
| 5:19 | Crear | Villager (Male) |
| 5:19 | Crear | Villager (Male) |
| 5:30 | Crear | Villager (Male) |
| 5:31 | Crear | Villager (Male) |
| 5:59 | Crear | Villager (Male) |
| 6:02 | Construir | Mill |
| 6:07 | Crear | Villager (Male) |
| 6:08 | Crear | Villager (Male) |
| 6:32 | Crear | Villager (Male) |
| 6:44 | Crear | Villager (Male) |
| 6:44 | Crear | Villager (Male) |
| 7:06 | Crear | Villager (Male) |
| 7:16 | Crear | Villager (Male) |
| 7:44 | Crear | Villager (Male) |
| 7:57 | Construir | House |
| 8:00 | Construir | House |
| 8:06 | Construir | Mining Camp |
| 9:28 | Crear | Villager (Male) |
| 9:29 | Crear | Villager (Male) |
| 9:39 | Construir | Mining Camp |
| 10:16 | Investigar | Feudal Age |
| 10:43 | Construir | Farm |
| 10:46 | Construir | Farm |
| 11:04 | Crear | Villager (Male) |
| 11:04 | Crear | Villager (Male) |
| 11:33 | Construir | Farm |
| 12:24 | Construir | Farm |
| 12:30 | Construir | Farm |
| 12:40 | Edad | Edad Feudal |
| 12:42 | Construir | Market |
| 12:44 | Construir | Blacksmith |
| 13:31 | Investigar | Castle Age |
| 13:36 | Construir | Farm |
| 13:46 | Construir | Farm |
| 13:54 | Construir | Farm |
| 13:58 | Construir | Farm |
| 13:59 | Construir | Farm |
| 14:06 | Investigar | Loom |
| 14:07 | Investigar | Wheelbarrow |
| 15:10 | Construir | House |
| 15:16 | Construir | House |
| 15:20 | Investigar | Double-Bit Axe |
| 15:20 | Investigar | Double-Bit Axe |
| 16:11 | Edad | Edad de los Castillos |
| 16:15 | Construir | Castle |
| 16:17 | Construir | Mining Camp |
| 16:24 | Construir | Monastery |
| 17:14 | Construir | Monastery |
| 18:08 | Construir | Monastery |
| 18:44 | Investigar | Imperial Age |
| 18:44 | Investigar | Imperial Age |
| 19:41 | Crear | Villager (Male) |
| 19:41 | Crear | Villager (Male) |
| 19:48 | Crear | Monk |
| 19:48 | Crear | Monk |
| 19:48 | Crear | Monk |
| 19:49 | Crear | Monk |
| 19:59 | Construir | Mining Camp |
| 20:09 | Crear | Monk |
| 20:10 | Crear | Monk |
| 20:47 | Crear | Monk |
| 20:48 | Crear | Monk |
| 20:48 | Crear | Monk |
| 21:00 | Construir | Farm |
| 21:26 | Investigar | Sanctity |
| 21:54 | Edad | Edad Imperial |
| 21:58 | Crear | Trebuchet (Packed) |
| 21:58 | Crear | Trebuchet (Packed) |
| 22:07 | Investigar | Bow Saw |
| 22:21 | Crear | Monk |
| 22:22 | Crear | Monk |
| 22:22 | Crear | Monk |
| 22:38 | Construir | Farm |
| 22:41 | Investigar | Horse Collar |
| 22:42 | Crear | Villager (Male) |
| 22:42 | Crear | Villager (Male) |
| 22:49 | Crear | Monk |
| 22:49 | Crear | Monk |
| 22:59 | Crear | Trebuchet (Packed) |
| 23:20 | Crear | Villager (Male) |
| 23:34 | Investigar | Block Printing |
| 23:44 | Crear | Monk |
| 23:44 | Crear | Monk |
| 24:09 | Crear | Trebuchet (Packed) |
| 24:19 | Crear | Monk |
| 24:20 | Crear | Monk |
| 24:53 | Crear | Monk |
| 24:53 | Crear | Monk |
| 24:54 | Crear | Monk |
| 25:40 | Investigar | Conscription |
| 25:46 | Crear | Monk |
| 25:46 | Crear | Monk |
| 25:46 | Crear | Monk |
| 25:50 | Crear | Villager (Male) |
| 25:50 | Crear | Villager (Male) |
| 25:51 | Crear | Villager (Male) |
| 25:51 | Crear | Villager (Male) |
| 26:55 | Investigar | Illumination |
| 26:56 | Investigar | Theocracy |
| 27:28 | Construir | House |
| 27:44 | Investigar | Redemption |
| 28:38 | Construir | Palisade Gate |
| 29:09 | Crear | Trebuchet (Packed) |
| 29:09 | Crear | Trebuchet (Packed) |
| 29:09 | Crear | Trebuchet (Packed) |
| 29:09 | Crear | Trebuchet (Packed) |
| 29:10 | Crear | Trebuchet (Packed) |
| 30:06 | Construir | Mining Camp |
| 30:50 | Construir | Castle |
| 31:49 | Crear | Monk |
| 31:50 | Crear | Monk |
| 31:50 | Crear | Monk |
| 31:50 | Crear | Monk |
| 31:51 | Crear | Monk |
| 32:12 | Crear | Villager (Male) |
| 32:12 | Crear | Villager (Male) |
| 32:12 | Crear | Villager (Male) |
| 32:13 | Crear | Villager (Male) |
| 32:21 | Crear | Villager (Male) |
| 32:21 | Crear | Villager (Male) |
| 32:57 | Crear | Monk |
| 32:57 | Crear | Monk |
| 32:57 | Crear | Monk |
| 32:58 | Crear | Monk |
| 33:10 | Construir | Barracks |
| 33:23 | Crear | Monk |
| 33:23 | Crear | Monk |
Build order — Grubby
Primeras 150 de 564 acciones detectadas
| 0:03 | Construir | House |
| 0:04 | Crear | Villager (Male) |
| 0:04 | Crear | Villager (Male) |
| 0:05 | Construir | House |
| 0:13 | Crear | Villager (Male) |
| 0:14 | Crear | Villager (Male) |
| 1:30 | Crear | Villager (Male) |
| 1:53 | Crear | Villager (Male) |
| 2:14 | Construir | Lumber Camp |
| 2:25 | Crear | Villager (Male) |
| 2:51 | Crear | Villager (Male) |
| 3:28 | Crear | Villager (Male) |
| 3:34 | Crear | Villager (Male) |
| 3:45 | Crear | Villager (Male) |
| 4:12 | Construir | House |
| 4:17 | Construir | House |
| 4:39 | Crear | Villager (Male) |
| 4:41 | Crear | Villager (Male) |
| 4:42 | Crear | Villager (Male) |
| 5:03 | Crear | Villager (Male) |
| 5:08 | Construir | House |
| 5:35 | Crear | Villager (Male) |
| 6:02 | Construir | Mill |
| 6:11 | Crear | Villager (Male) |
| 6:40 | Crear | Villager (Male) |
| 7:07 | Construir | Lumber Camp |
| 7:07 | Crear | Villager (Male) |
| 7:58 | Construir | Mining Camp |
| 8:02 | Crear | Villager (Male) |
| 8:34 | Investigar | Feudal Age |
| 8:34 | Investigar | Feudal Age |
| 9:24 | Crear | Villager (Male) |
| 9:24 | Crear | Villager (Male) |
| 9:52 | Edad | Edad Feudal |
| 9:54 | Construir | Market |
| 9:56 | Construir | Blacksmith |
| 10:29 | Investigar | Double-Bit Axe |
| 10:31 | Crear | Villager (Male) |
| 11:49 | Investigar | Castle Age |
| 12:08 | Investigar | Double-Bit Axe |
| 12:08 | Investigar | Double-Bit Axe |
| 12:34 | Construir | Farm |
| 12:36 | Construir | Farm |
| 12:38 | Construir | Farm |
| 12:51 | Investigar | Horse Collar |
| 12:51 | Investigar | Horse Collar |
| 13:02 | Construir | Farm |
| 13:08 | Construir | Farm |
| 13:23 | Crear | Villager (Male) |
| 13:25 | Edad | Edad de los Castillos |
| 13:28 | Construir | Town Center |
| 13:49 | Crear | Villager (Male) |
| 14:07 | Crear | Villager (Male) |
| 14:10 | Construir | Town Center |
| 14:24 | Crear | Villager (Male) |
| 14:39 | Construir | Farm |
| 14:41 | Construir | Farm |
| 14:42 | Crear | Villager (Male) |
| 14:45 | Construir | Farm |
| 14:53 | Crear | Villager (Male) |
| 15:00 | Crear | Villager (Male) |
| 15:03 | Construir | Farm |
| 15:05 | Crear | Villager (Male) |
| 15:10 | Construir | Farm |
| 15:15 | Construir | Farm |
| 15:21 | Construir | Farm |
| 15:24 | Crear | Villager (Male) |
| 15:36 | Construir | Farm |
| 15:37 | Crear | Villager (Male) |
| 15:50 | Crear | Villager (Male) |
| 16:01 | Crear | Villager (Male) |
| 16:04 | Crear | Villager (Male) |
| 16:04 | Crear | Villager (Male) |
| 16:08 | Construir | Farm |
| 16:18 | Construir | Farm |
| 16:18 | Crear | Villager (Male) |
| 16:25 | Construir | Farm |
| 16:26 | Crear | Villager (Male) |
| 16:33 | Crear | Villager (Male) |
| 16:35 | Construir | House |
| 16:37 | Construir | Farm |
| 16:41 | Construir | House |
| 16:41 | Crear | Villager (Male) |
| 16:44 | Crear | Villager (Male) |
| 16:48 | Construir | Farm |
| 16:58 | Crear | Villager (Male) |
| 17:04 | Construir | House |
| 17:08 | Crear | Villager (Male) |
| 17:10 | Construir | Farm |
| 17:18 | Crear | Villager (Male) |
| 17:21 | Crear | Villager (Male) |
| 17:24 | Construir | Farm |
| 17:31 | Construir | House |
| 17:33 | Construir | House |
| 17:34 | Crear | Villager (Male) |
| 17:38 | Crear | Villager (Male) |
| 17:41 | Construir | Farm |
| 17:46 | Crear | Villager (Male) |
| 17:51 | Construir | Farm |
| 17:58 | Crear | Villager (Male) |
| 18:00 | Construir | Farm |
| 18:01 | Crear | Villager (Male) |
| 18:06 | Construir | Farm |
| 18:07 | Crear | Villager (Male) |
| 18:18 | Crear | Villager (Male) |
| 18:22 | Construir | Farm |
| 18:23 | Crear | Villager (Male) |
| 18:31 | Construir | Farm |
| 18:31 | Crear | Villager (Male) |
| 18:34 | Construir | Farm |
| 18:38 | Crear | Villager (Male) |
| 18:42 | Construir | Farm |
| 18:42 | Crear | Villager (Male) |
| 18:49 | Construir | Farm |
| 18:49 | Crear | Villager (Male) |
| 18:52 | Construir | House |
| 18:55 | Crear | Villager (Male) |
| 18:57 | Construir | House |
| 19:02 | Crear | Villager (Male) |
| 19:05 | Construir | House |
| 19:15 | Construir | Farm |
| 19:15 | Crear | Villager (Male) |
| 19:16 | Crear | Villager (Male) |
| 19:21 | Crear | Villager (Male) |
| 19:23 | Construir | Farm |
| 19:24 | Crear | Villager (Male) |
| 19:28 | Crear | Villager (Male) |
| 19:30 | Construir | Farm |
| 19:36 | Construir | Farm |
| 19:36 | Crear | Villager (Male) |
| 19:44 | Construir | Farm |
| 19:49 | Investigar | Wheelbarrow |
| 19:49 | Investigar | Wheelbarrow |
| 19:50 | Investigar | Loom |
| 19:51 | Crear | Villager (Male) |
| 19:55 | Crear | Villager (Male) |
| 19:59 | Construir | House |
| 19:59 | Construir | House |
| 20:00 | Construir | House |
| 20:01 | Construir | House |
| 20:02 | Crear | Villager (Male) |
| 20:09 | Construir | Farm |
| 20:10 | Crear | Villager (Male) |
| 20:14 | Crear | Villager (Male) |
| 20:16 | Crear | Villager (Male) |
| 20:19 | Construir | Farm |
| 20:20 | Crear | Villager (Male) |
| 20:23 | Crear | Villager (Male) |
| 20:28 | Construir | Farm |
| 20:29 | Crear | Villager (Male) |
Build order — bobesft
Primeras 150 de 910 acciones detectadas
| 0:00 | Crear | Villager (Male) |
| 0:01 | Crear | Villager (Male) |
| 0:02 | Construir | House |
| 0:03 | Construir | House |
| 0:04 | Crear | Villager (Male) |
| 0:08 | Crear | Villager (Male) |
| 1:27 | Crear | Villager (Male) |
| 1:47 | Crear | Villager (Male) |
| 1:47 | Crear | Villager (Male) |
| 1:49 | Construir | Lumber Camp |
| 2:21 | Crear | Villager (Male) |
| 2:21 | Crear | Villager (Male) |
| 2:29 | Crear | Villager (Male) |
| 2:29 | Crear | Villager (Male) |
| 3:18 | Crear | Villager (Male) |
| 3:18 | Crear | Villager (Male) |
| 3:23 | Construir | House |
| 3:24 | Construir | House |
| 4:05 | Crear | Villager (Male) |
| 4:26 | Crear | Villager (Male) |
| 4:36 | Crear | Villager (Male) |
| 5:03 | Crear | Villager (Male) |
| 5:20 | Crear | Villager (Male) |
| 5:28 | Construir | Mill |
| 5:53 | Crear | Villager (Male) |
| 6:39 | Crear | Villager (Male) |
| 6:47 | Crear | Villager (Male) |
| 6:49 | Crear | Villager (Male) |
| 7:11 | Construir | Farm |
| 7:35 | Construir | Farm |
| 7:51 | Construir | Mining Camp |
| 7:52 | Investigar | Feudal Age |
| 8:25 | Construir | House |
| 8:38 | Crear | Villager (Male) |
| 8:38 | Crear | Villager (Male) |
| 10:06 | Edad | Edad Feudal |
| 10:09 | Construir | Market |
| 10:27 | Construir | Blacksmith |
| 10:49 | Investigar | Castle Age |
| 10:49 | Investigar | Castle Age |
| 10:50 | Investigar | Castle Age |
| 11:26 | Crear | Villager (Male) |
| 12:09 | Investigar | Double-Bit Axe |
| 12:09 | Investigar | Double-Bit Axe |
| 13:36 | Edad | Edad de los Castillos |
| 13:39 | Construir | Town Center |
| 13:41 | Construir | Town Center |
| 13:56 | Crear | Villager (Male) |
| 14:05 | Construir | Farm |
| 14:05 | Construir | Farm |
| 14:05 | Construir | Farm |
| 14:05 | Construir | Farm |
| 14:12 | Crear | Villager (Male) |
| 14:40 | Crear | Villager (Male) |
| 14:43 | Investigar | Bow Saw |
| 14:43 | Investigar | Bow Saw |
| 14:46 | Crear | Villager (Male) |
| 14:46 | Crear | Villager (Male) |
| 14:49 | Crear | Villager (Male) |
| 14:51 | Construir | Farm |
| 14:53 | Construir | Farm |
| 15:02 | Construir | House |
| 15:03 | Construir | Palisade Wall |
| 15:13 | Crear | Villager (Male) |
| 15:13 | Crear | Villager (Male) |
| 15:16 | Construir | Farm |
| 15:18 | Construir | Farm |
| 15:23 | Crear | Villager (Male) |
| 15:23 | Crear | Villager (Male) |
| 15:25 | Construir | Farm |
| 15:35 | Construir | Farm |
| 15:36 | Crear | Villager (Male) |
| 15:36 | Crear | Villager (Male) |
| 15:51 | Construir | Farm |
| 15:51 | Crear | Villager (Male) |
| 15:51 | Crear | Villager (Male) |
| 15:56 | Construir | House |
| 15:58 | Crear | Villager (Male) |
| 15:58 | Crear | Villager (Male) |
| 16:04 | Construir | Farm |
| 16:11 | Crear | Villager (Male) |
| 16:11 | Crear | Villager (Male) |
| 16:15 | Construir | Farm |
| 16:24 | Crear | Villager (Male) |
| 16:24 | Crear | Villager (Male) |
| 16:26 | Construir | Farm |
| 16:32 | Construir | House |
| 16:34 | Crear | Villager (Male) |
| 16:34 | Crear | Villager (Male) |
| 16:38 | Construir | Farm |
| 16:50 | Crear | Villager (Male) |
| 16:50 | Crear | Villager (Male) |
| 16:53 | Construir | House |
| 16:55 | Crear | Villager (Male) |
| 16:55 | Crear | Villager (Male) |
| 17:00 | Construir | Mining Camp |
| 17:09 | Construir | Farm |
| 17:10 | Crear | Villager (Male) |
| 17:10 | Crear | Villager (Male) |
| 17:22 | Crear | Villager (Male) |
| 17:22 | Crear | Villager (Male) |
| 17:24 | Construir | House |
| 17:25 | Construir | House |
| 17:27 | Crear | Villager (Male) |
| 17:27 | Crear | Villager (Male) |
| 17:34 | Construir | Palisade Wall |
| 17:36 | Crear | Villager (Male) |
| 17:36 | Crear | Villager (Male) |
| 17:40 | Construir | Farm |
| 17:40 | Construir | Farm |
| 17:40 | Construir | Farm |
| 17:41 | Construir | Farm |
| 17:46 | Crear | Villager (Male) |
| 17:47 | Crear | Villager (Male) |
| 17:54 | Crear | Villager (Male) |
| 17:54 | Crear | Villager (Male) |
| 17:56 | Construir | Farm |
| 17:59 | Construir | Farm |
| 18:00 | Crear | Villager (Male) |
| 18:01 | Crear | Villager (Male) |
| 18:03 | Construir | Farm |
| 18:15 | Construir | Farm |
| 18:15 | Crear | Villager (Male) |
| 18:15 | Crear | Villager (Male) |
| 18:17 | Construir | Farm |
| 18:24 | Construir | Farm |
| 18:25 | Crear | Villager (Male) |
| 18:25 | Crear | Villager (Male) |
| 18:28 | Construir | Farm |
| 18:29 | Crear | Villager (Male) |
| 18:40 | Crear | Villager (Male) |
| 18:40 | Crear | Villager (Male) |
| 18:42 | Construir | Farm |
| 18:44 | Construir | Farm |
| 18:47 | Crear | Villager (Male) |
| 18:54 | Crear | Villager (Male) |
| 18:55 | Crear | Villager (Male) |
| 18:59 | Crear | Villager (Male) |
| 19:05 | Construir | Farm |
| 19:09 | Construir | Farm |
| 19:09 | Crear | Villager (Male) |
| 19:15 | Crear | Villager (Male) |
| 19:15 | Crear | Villager (Male) |
| 19:20 | Crear | Villager (Male) |
| 19:20 | Crear | Villager (Male) |
| 19:23 | Crear | Villager (Male) |
| 19:27 | Crear | Villager (Male) |
| 19:34 | Construir | Town Center |
| 19:39 | Crear | Villager (Male) |
| 19:40 | Crear | Villager (Male) |
Cronología de la partida
| 8:29 | jimmil · age_up feudal |
| 9:52 | Grubby · age_up feudal |
| 10:06 | bobesft · age_up feudal |
| 10:31 | VIT | Hera · age_up feudal |
| 11:43 | VIT | Hera · tribute_sent a jugador 2 |
| 11:43 | VIT | Hera · tribute_sent a jugador 3 |
| 11:43 | VIT | Hera · tribute_sent a jugador 4 |
| 11:43 | VIT | Hera · tribute_sent a jugador 5 |
| 11:43 | VIT | Hera · tribute_sent a jugador 6 |
| 12:02 | YamatoCannon · age_up feudal |
| 12:40 | Silver · age_up feudal |
| 13:25 | Grubby · age_up castle |
| 13:36 | bobesft · age_up castle |
| 14:09 | VIT | Hera · age_up castle |
| 14:42 | jimmil · wall_segment Stone Wall x8 |
| 14:45 | jimmil · wall_segment Stone Wall x7 |
| 15:03 | bobesft · wall_segment Palisade Wall x1 |
| 15:08 | Grubby · first_market_buy 100 wood |
| 15:39 | YamatoCannon · age_up castle |
| 15:41 | YamatoCannon · first_building Castle |
| 16:00 | jimmil · age_up castle |
| 16:10 | jimmil · first_building Monastery |
| 16:11 | VIT | Hera · first_market_buy 100 food |
| 16:11 | Silver · age_up castle |
| 16:15 | Silver · first_building Castle |
| 16:24 | Silver · first_building Monastery |
| 16:31 | jimmil · first_building Siege Workshop |
| 17:25 | Silver · first_market_sell 100 stone |
| 17:34 | bobesft · wall_segment Palisade Wall x7 |
| 17:54 | Silver · first_market_buy 100 food |
| 19:14 | YamatoCannon · first_market_buy 100 food |
| 19:36 | jimmil · first_market_sell 100 stone |
| 20:40 | jimmil · first_building Castle |
| 21:09 | jimmil · first_market_buy 100 wood |
| 21:14 | jimmil · first_building Barracks |
| 21:54 | Silver · age_up imperial |
| 22:21 | jimmil · age_up imperial |
| 22:55 | Grubby · first_building Barracks |
| 22:59 | jimmil · wall_segment Stone Wall x10 |
| 23:10 | jimmil · first_building Archery Range |
| 23:46 | VIT | Hera · first_building Castle |
| 23:52 | bobesft · first_building Castle |
| 24:04 | Grubby · tribute_sent a jugador 1 |
| 24:04 | Grubby · tribute_sent a jugador 2 |
| 24:04 | Grubby · tribute_sent a jugador 3 |
| 24:04 | Grubby · tribute_sent a jugador 4 |
| 24:04 | Grubby · tribute_sent a jugador 6 |
| 24:11 | VIT | Hera · tribute_sent a jugador 2 |
| 24:11 | VIT | Hera · tribute_sent a jugador 3 |
| 24:11 | VIT | Hera · tribute_sent a jugador 4 |
| 24:11 | VIT | Hera · tribute_sent a jugador 5 |
| 24:11 | VIT | Hera · tribute_sent a jugador 6 |
| 24:40 | VIT | Hera · first_building Monastery |
| 24:42 | Grubby · first_building Monastery |
| 25:45 | VIT | Hera · first_market_sell 500 wood |
| 26:11 | Grubby · first_building Stable |
| 26:42 | bobesft · first_building Barracks |
| 27:32 | YamatoCannon · age_up imperial |
| 27:36 | bobesft · first_building Stable |
| 28:18 | Grubby · age_up imperial |
| 28:18 | bobesft · age_up imperial |
| 28:34 | bobesft · first_market_buy 100 food |
| 28:39 | VIT | Hera · age_up imperial |
| 30:01 | VIT | Hera · tribute_sent a jugador 2 |
| 30:01 | VIT | Hera · tribute_sent a jugador 3 |
| 30:01 | VIT | Hera · tribute_sent a jugador 4 |
| 30:01 | VIT | Hera · tribute_sent a jugador 5 |
| 30:01 | VIT | Hera · tribute_sent a jugador 6 |
| 30:05 | Grubby · tribute_sent a jugador 1 |
| 30:05 | Grubby · tribute_sent a jugador 2 |
| 30:05 | Grubby · tribute_sent a jugador 3 |
| 30:05 | Grubby · tribute_sent a jugador 4 |
| 30:05 | Grubby · tribute_sent a jugador 6 |
| 30:26 | YamatoCannon · first_building Barracks |
| 30:36 | Grubby · first_building Castle |
| 30:46 | Grubby · first_building Archery Range |
| 31:01 | YamatoCannon · first_building Siege Workshop |
| 33:10 | Silver · first_building Barracks |
| 34:33 | Silver · first_building Archery Range |
| 34:51 | bobesft · wall_segment Stone Wall x1 |
| 34:53 | bobesft · wall_segment Stone Wall x2 |
| 37:55 | VIT | Hera · tribute_sent a jugador 2 |
| 37:55 | VIT | Hera · tribute_sent a jugador 3 |
| 37:55 | VIT | Hera · tribute_sent a jugador 4 |
| 37:55 | VIT | Hera · tribute_sent a jugador 5 |
| 37:55 | VIT | Hera · tribute_sent a jugador 6 |
| 38:50 | bobesft · tribute_sent a jugador 1 |
| 38:50 | bobesft · tribute_sent a jugador 2 |
| 38:50 | bobesft · tribute_sent a jugador 3 |
| 38:50 | bobesft · tribute_sent a jugador 4 |
| 38:50 | bobesft · tribute_sent a jugador 5 |
| 41:59 | Grubby · first_building Siege Workshop |
| 44:05 | jimmil · first_building Stable |
| 46:00 | Grubby · wall_segment Palisade Wall x1 |
| 46:14 | Grubby · wall_segment Stone Wall x1 |
| 49:44 | Silver · wall_segment Stone Wall x1 |
| 50:18 | Grubby · first_market_sell 100 food |
| 52:57 | YamatoCannon · first_building Stable |
| 54:31 | bobesft · wall_segment Stone Wall x1 |
| 56:30 | YamatoCannon · first_building Monastery |
| 56:33 | Silver · first_building Siege Workshop |
| 56:46 | Silver · first_building Stable |
| 59:35 | bobesft · resign |
[ ANÁLISIS IA · 1 CRÉDITO ]
¿Qué pasó realmente en esta partida?
Wolo.gg analiza cada decisión: build order, eco, micro, errores típicos por bracket. Análisis personalizado por WhatsApp o Discord en 30 segundos.
Guía civ
Turcos
Perfil
Jugador #25503675